 Dungeon Crawl Stone Soup version 0.28.0-53-g5a82cb258f (webtiles) character file.

Game seed: 3053516570713017327

12691 SanguineChosen the Arsonist (level 11, -2/92 HPs)
             Began as a Hill Orc Cinder Acolyte on June 24, 2022.
             Was a Believer of Ignis.
             Slain by a seven-headed hydra (11 damage)
             ... on level 1 of the Lair of Beasts on June 25, 2022.
             The game lasted 02:19:51 (18288 turns).

SanguineChosen the Arsonist (HOCA)                 Turns: 18288, Time: 02:19:51

Health: -2/92      AC: 13    Str: 32    XL:     11   Next: 97%
Magic:  20/23      EV: 13    Int: 16    God:    Ignis [**....]
Gold:   171        SH:  0    Dex:  9    Spells: 21/26 levels left

rFire   + . .      SeeInvis +   C - +3 flail (protect)
rCold   . . .      Faith    .   (no shield)
rNeg    + . .      Spirit   .   l - +2 robe "Omor" {Dex+3}
rPois   .          Reflect  .   I - +0 hat
rElec   .          Harm     .   f - +2 cloak
rCorr   .          Rampage  .   m - +2 pair of gloves
Will    .....                   B - +2 pair of boots
Stlth   ++........              w - amulet of Kenex {RegenMP *Slow rN+ Str+6 SInv}
HPRegen 0.25/turn               D - ring of flight
MPRegen 0.58/turn               Q - +6 ring of strength

@: flying, studying 2 skills
A: no striking features
a: Renounce Religion, Fiery Armour, Foxfire Swarm, Rising Flame


You were on level 1 of the Lair of Beasts.
You worshipped Ignis.
Ignis was pleased with you.
You visited 2 branches of the dungeon, and saw 11 of its levels.
You also visited: Ossuary.

You collected 718 gold pieces.
You spent 547 gold pieces at shops.

Inventory:

Hand Weapons
 b - a +3 battleaxe of flaming
 C - a +3 flail of protection (weapon)
 M - a +2 trident of venom
 O - a +3 spear of freezing
Missiles
 E - 2 throwing nets
Armour
 d - a scarf of invisibility
 f - a +2 cloak (worn)
 i - a +0 troll leather armour
 l - the +2 robe "Omor" (worn) {Dex+3}
   (You found it on level 3 of the Dungeon)

   Dex:       It affects your dexterity (+3).
 m - a +2 pair of gloves (worn)
 x - a +3 troll leather armour {Snorg}
 B - a +2 pair of boots (worn)
 I - a +0 hat (worn)
 N - +0 steam dragon scales
Jewellery
 n - an amulet of the acrobat
 o - a ring of fire
 p - an amulet of faith
 q - an amulet of regeneration
 w - the amulet of Kenex (around neck) {RegenMP *Slow rN+ Str+6 SInv}
   (You found it on level 7 of the Dungeon)

   [amulet of magic regeneration]

   It increases your rate of magic regeneration.
   Str:       It affects your strength (+6).
   rN:        It protects you from negative energy.
   SInv:      It lets you see invisible.
   *Slow:     It may slow you when you take damage.
 D - a ring of flight (left hand)
 G - a ring of poison resistance
 Q - a +6 ring of strength (right hand)
Wands
 r - a wand of flame (14)
 s - a wand of mindburst (11)
 t - a wand of digging (4)
 F - a wand of acid (3)
Scrolls
 a - 2 scrolls of identify
 c - 2 scrolls of immolation
 e - a scroll of holy word {unknown}
 h - a scroll of vulnerability {unknown}
 j - a scroll of acquirement
 k - 2 scrolls of magic mapping
 y - a scroll of amnesia {unknown}
 A - 3 scrolls of blinking {unknown}
 J - a scroll of fear {unknown}
 L - 2 scrolls of fog {unknown}
 P - a scroll of brand weapon {unknown}
 R - a scroll of teleportation
Potions
 g - a potion of haste
 u - 2 potions of lignification
 v - 2 potions of magic
 z - a potion of resistance
 H - a potion of ambrosia {unknown}
 K - a potion of curing


   Skills:
 + Level 7.3 Fighting
 + Level 8.3(9.8) Axes
 + Level 6.8(8.2) Maces & Flails
 + Level 5.0 Dodging
 + Level 2.9 Stealth
 + Level 8.1 Spellcasting
 + Level 11.6 Fire Magic


You had 21 spell levels left.
You knew the following spells:

 Your Spells              Type           Power      Damage    Failure   Level
a - Scorch                Fire           86%        2d9       1%          2
b - Inner Flame           Hex/Fire       25%        N/A       3%          3

Your spell library contained the following spells:

 Spells                   Type           Power      Damage    Failure   Level
 Animate Skeleton         Necr           12%        N/A       11%         1
 Apportation              Tloc           12%        N/A       11%         1
 Summon Small Mammal      Summ           24%        N/A       11%         1
 Gell's Gravitas          Tloc           6%         N/A       32%         3
 Teleport Other           Tloc           6%         N/A       32%         3
 Tukima's Dance           Hex            6%         N/A       32%         3
 Passage of Golubria      Tloc           6%         N/A       73%         4
 Summon Lightning Spire   Summ/Air       6%         N/A       73%         4
 Yara's Violent Unravell  Hex/Tmut       3%         3d4       97%         5
 Dispersal                Tloc           3%         N/A       100%        6
 Storm Form               Tmut/Air       3%         N/A       100%        7
 Maxwell's Capacitive Co  Air            3%         ∞         100%        8
 Necromutation            Tmut/Necr      3%         N/A       100%        8
 Fire Storm               Conj/Fire      12%        8d3       100%        9


Dungeon Overview and Level Annotations

Branches:
Dungeon (10/15)            Temple (0/1) D:6            Lair (1/6) D:10
    Orc (0/2) D:10        Ossuary (visited)

Altars:
Ashenzari
Kikubaaqudgha
Nemelex Xobeh
Trog
Wu Jian
Xom
Zin

Shops:
D:2 ?   D:3 *   D:5 (   D:10 *

Annotations:
Lair:1 2 transporters


Message History

The seven-headed hydra is lightly wounded.
The seven-headed hydra's fire resistance burns away.
Casting: Scorch (safe; 1% risk of failure)
Press: ? - help, Q - select action, (/) - cycle Dir - look around, f - activate Flames lash the seven-headed hydra.
The seven-headed hydra is burned terribly!
The seven-headed hydra is moderately wounded.
The seven-headed hydra bites you.
The seven-headed hydra bites you but does no damage. x2
The seven-headed hydra closely misses you. x2
The seven-headed hydra bites you but does no damage. x2
Casting: Scorch (safe; 1% risk of failure)
Press: ? - help, Q - select action, (/) - cycle Dir - look around, f - activate Flames lash the seven-headed hydra.
The seven-headed hydra is burned terribly!
The seven-headed hydra is heavily wounded.
The seven-headed hydra bites you!
The seven-headed hydra bites you but does no damage.
The seven-headed hydra bites you! x2; The seven-headed hydra bites you.
The seven-headed hydra bites you but does no damage.
The seven-headed hydra bites you.
You barely miss the seven-headed hydra.
The seven-headed hydra is heavily wounded.
The seven-headed hydra bites you.
The seven-headed hydra bites you but does no damage.
The seven-headed hydra closely misses you.
The seven-headed hydra bites you but does no damage.
The seven-headed hydra bites you.
The seven-headed hydra bites you but does no damage. x2
You barely miss the seven-headed hydra.
The seven-headed hydra is heavily wounded.
The seven-headed hydra bites you! The seven-headed hydra bites you.
* * * LOW HITPOINT WARNING * * *
The seven-headed hydra barely misses you.
The seven-headed hydra bites you.
* * * LOW HITPOINT WARNING * * *
The seven-headed hydra bites you!
* * * LOW HITPOINT WARNING * * *
The seven-headed hydra bites you!
You die...

................
...........##..
##.........# .
#..#.##....## ..
#########...###
... # #.#...##
.... ##
#####..### .....
.# ###..#......
.## #P@D......
..## ####......
#..# ....[ ##.#
##.. ### #


You could see a seven-headed hydra (combustible).

Vanquished Creatures
  Snorg (D:10)
  4 two-headed ogres
  The ghost of DocClef the Fighter, a novice DrFi of Okawaru (D:7)
  Pikel (D:7)
  A kobold demonologist (D:10)
  A rime drake (Lair:1)
  A komodo dragon (D:10)
  Prince Ribbit (D:7)
  A polar bear (Lair:1)
  2 trolls
  Sigmund (D:2)
  A wyvern (D:8)
  2 wraiths
  2 steam dragons
  Menkaure (D:7)
  An acid dragon (D:10)
  2 water moccasins
  8 orc warriors
  An ice beast (D:5)
  A sky beast (D:6)
  2 black bears
  3 ogres
  7 centaurs
  A lemure (D:7)
  3 kobold brigands
  4 gnoll sergeants
  A bullfrog (D:9)
  11 scorpions (Ossuary)
  5 killer bees (D:9)
  13 wights
  6 centaur zombies
  4 crimson imps (D:8)
  A bullfrog zombie (D:6)
  3 hounds
  2 centaur skeletons (D:7)
  3 jellies
  7 orc priests
  2 human zombies (Ossuary)
  A bullfrog skeleton (D:7)
  A gnoll shaman (D:7)
  4 iguanas (D:5)
  4 scorpion zombies (Ossuary)
  9 orc wizards
  A killer bee zombie (D:7)
  A hound zombie (D:5)
  3 mummies (Ossuary)
  13 gnolls
  A howler monkey zombie (D:9)
  3 adders
  3 white imps
  An ufetubus (D:5)
  2 worms
  4 dart slugs
  32 orcs
  A ball python (D:1)
  A bat zombie (D:5)
  4 endoplasms
  2 giant cockroaches (D:4)
  5 goblins
  A hobgoblin (D:1)
  6 jackals
  4 quokkas
  A bat (D:1)
  2 frilled lizards
  A goblin zombie (Ossuary)
  A hobgoblin zombie (Ossuary)
  11 kobolds
  4 kobold zombies (Ossuary)
  An orc zombie (Ossuary)
  5 rats
245 creatures vanquished.

Vanquished Creatures (others)
  14 foxfires (D:7)
  7 plants
21 creatures vanquished.

Grand Total: 266 creatures vanquished

Notes
Turn   | Place    | Note
-------+----------+-------------------------------------------
     0 | D:1      | SanguineChosen the Hill Orc Cinder Acolyte began the quest
                  | for the Orb.
     0 | D:1      | Reached XP level 1. HP: 19/19 MP: 2/2
   917 | D:1      | Reached XP level 2. HP: 27/27 MP: 3/3
   920 | D:1      | Learned a level 2 spell: Scorch
  1355 | D:2      | Noticed Sigmund
  1745 | D:2      | Found Voithyrr's Magic Scroll Emporium.
  1752 | D:2      | Bought a scroll of identify for 26 gold pieces
  1830 | D:2      | Reached XP level 3. HP: 22/33 MP: 0/4
  1941 | D:2      | Found a faded altar of an unknown god.
  3549 | D:2      | Killed Sigmund
  3550 | D:2      | Reached skill level 5 in Axes
  3550 | D:2      | Reached skill level 4 in Fire Magic
  3550 | D:2      | Reached XP level 4. HP: 18/40 MP: 4/7
  3550 | D:2      | Reached XP level 5. HP: 21/46 MP: 4/8
  3779 | D:3      | Found Zelon's General Store.
  4079 | D:3      | Found a bloodstained altar of Trog.
  4263 | D:3      | Found a sparkling altar of Nemelex Xobeh.
  4273 | D:3      | Identified the +2 robe "Omor" {Dex+3}
  4566 | D:4      | Reached skill level 1 in Stealth
  4916 | D:4      | Reached XP level 6. HP: 52/52 MP: 6/9
  5371 | D:4      | Identified 2 scrolls of acquirement
  5560 | D:4      | Acquired the Reference Book on Transformation and Ignition
  5568 | D:4      | Learned a level 3 spell: Inner Flame
  5634 | D:5      | Entered Level 5 of the Dungeon
  5804 | D:5      | Found a sand-covered staircase.
  5809 | D:5      | Noticed a black bear
  5813 | Ossuary  | Entered an ossuary
  5847 | Ossuary  | Reached skill level 1 in Dodging
  5847 | Ossuary  | Reached skill level 5 in Fire Magic
  5887 | Ossuary  | Reached XP level 7. HP: 60/60 MP: 4/11
  6287 | Ossuary  | Reached XP level 8. HP: 44/67 MP: 7/13
  6291 | Ossuary  | Reached skill level 6 in Fire Magic
  6787 | D:5      | Reached skill level 5 in Fighting
  6957 | D:5      | Found Osacoogoir's Hydra Hut.
  7013 | D:5      | Noticed a four-headed hydra
  7344 | D:5      | Noticed a troll
  7347 | D:5      | Reached skill level 1 in Maces & Flails
  7436 | D:5      | Reached skill level 7 in Fire Magic
  7436 | D:5      | Reached XP level 9. HP: 74/74 MP: 11/16
  7469 | D:5      | Killed a troll
  7648 | D:5      | Reached skill level 5 in Spellcasting
  7846 | D:5      | Found an ancient bone altar of Kikubaaqudgha.
  8030 | D:6      | Found a staircase to the Ecumenical Temple.
  8244 | D:6      | Noticed a two-headed ogre
  8403 | D:6      | Killed a two-headed ogre
  8404 | D:6      | Reached skill level 8 in Fire Magic
  8858 | D:7      | Noticed Menkaure
  8864 | D:7      | Killed Menkaure
  8984 | D:7      | Reached XP level 10. HP: 69/83 MP: 8/18
  9574 | D:7      | Noticed Pikel
  9597 | D:7      | Killed Pikel
  9598 | D:7      | Reached skill level 9 in Fire Magic
  9598 | D:7      | Identified the +1 scale mail of Summer {Fly}
  9739 | D:7      | Found a transporter.
  9740 | D:7      | Found a transporter.
  9749 | D:7      | Noticed DocClef's ghost (novice DrFi)
  9786 | D:7      | Noticed Prince Ribbit
  9795 | D:7      | Killed Prince Ribbit
 10203 | D:7      | Found Zin's Purification Station.
 10206 | D:7      | Found a glowing silver altar of Zin.
 10209 | D:7      | Bought a potion of curing for 90 gold pieces
 10259 | D:7      | Reached skill level 5 in Maces & Flails
 10772 | D:7      | Killed DocClef's ghost
 10875 | D:7      | Identified the amulet of Kenex {RegenMP *Slow rN+ Str+6
                  | SInv}
 11023 | D:8      | Found a broken altar of Ashenzari.
 11041 | D:8      | Reached skill level 10 in Fire Magic
 11416 | D:8      | Found a shimmering altar of Xom.
 11578 | D:8      | Reached XP level 11. HP: 83/91 MP: 13/21
 11888 | D:8      | Identified the +2 long sword of Blind Justice {flame, Str-5
                  | SInv Stlth+}
 12672 | D:5      | Bought a +2 battleaxe of flaming for 308 gold pieces
 12768 | D:2      | Bought a scroll of identify for 26 gold pieces
 12768 | D:2      | Bought a scroll of enchant weapon for 97 gold pieces
 12958 | D:9      | Found a bloodstained altar of Trog.
 13016 | D:9      | Noticed a two-headed ogre
 13803 | D:9      | Killed a two-headed ogre
 14027 | D:9      | Found an ornate altar of the Wu Jian Council.
 14077 | D:9      | Noticed a two-headed ogre
 14094 | D:9      | Killed a two-headed ogre
 14959 | D:10     | Entered Level 10 of the Dungeon
 15243 | D:10     | HP: 1/91 [orc priest/divine providence (15)]
 15898 | D:10     | Found a staircase to the Lair.
 15922 | D:10     | Reached skill level 11 in Fire Magic
 15981 | D:10     | Found a staircase to the Orcish Mines.
 16418 | D:10     | Noticed Snorg
 16435 | D:10     | Killed Snorg
 16849 | D:10     | Noticed a two-headed ogre
 16862 | D:10     | Killed a two-headed ogre
 17224 | D:10     | Found Wucics's Gadget Gallery.
 17684 | Lair:1   | Entered Level 1 of the Lair of Beasts
 17685 | Lair:1   | Found a transporter.
 17757 | Lair:1   | Found a transporter.
 17787 | Lair:1   | Reached skill level 5 in Dodging
 18128 | Lair:1   | Noticed a catoblepas
 18283 | Lair:1   | Noticed a seven-headed hydra
 18288 | Lair:1   | Slain by a seven-headed hydra

Illustrated notes

Levels and vault maps discovered:
D:1:      dpeg_arrival_court, layout_loops_corners, minmay_misc_feat_room
D:2:      layout_loops_ring, shapermc_ecumenical_altar_venn, serial_shops,
          nicolae_shop_statue_plus, uniq_sigmund
D:3:      layout_rooms, old_standard_altar, serial_shops, nicolae_square_shop,
          grunt_decor_cap, kennysheep_flooded_box, minivault_19
D:4:      layout_loops_ring, bh_walls_and_bars
D:5:      nicolae_cairo_tiling_large, layout_rooms,
          lemuel_zombie_altar_kikubaaqudgha, nicolae_ossuary_entry_ruins,
          kb_lookout_dungeons_type, doesnt_shop_hydraphobe
D:6:      layout_loops_cross, minmay_temple_entry_large_hall
D:7:      minmay_recursive_quarters, layout_basic, zin_purify,
          gammafunk_ghost_gnarly_gnolls, uniq_menkaure, uniq_prince_ribbit1,
          uniq_pikel
D:8:      layout_loops_ring, led_xom_imps, cheibrodos_ashenzari_chains
D:9:      layout_irregular_city, lemuel_doored_altar,
          lemuel_coloured_pillars_altar
D:10:     layout_irregular_city, lair_entry_dummy, hiddenorc2_lemuel,
          nicolae_shop_gadgets, uniq_snorg
Lair:1:   gammafunk_worm_tunnel, layout_cave_pods

Skill      XL: |  1  2  3  4  5  6  7  8  9 10 11 |
---------------+----------------------------------+-----
Fighting       | 4 5 6 7 |  7.3
Axes           | 5 6 7 8 |  8.3
Spellcasting   | 2 3 4 5 7 8 |  8.1
Fire Magic     | 4 5 7 8 10 11 | 11.6
Stealth        | 1 2 |  2.9
Dodging        | 1 2 3 4 5 |  5.0
Maces & Flails | 1 4 5 6 |  6.8

Action                   |  1- 3 |  4- 6 |  7- 9 | 10-12 || total
-------------------------+-------+-------+-------+-------++-------
Melee: Hand axe          |    62 |    62 |    89 |       ||   213
       Punch             |     1 |     1 |     3 |     2 ||     7
       Flail             |       |       |   110 |   249 ||   359
       Battleaxe         |       |       |       |    51 ||    51
 Cast: Scorch            |    13 |    23 |    86 |   219 ||   341
Invok: Fiery Armour      |     2 |       |     3 |     2 ||     7
       Foxfire Swarm     |       |       |     1 |     1 ||     2
Evoke: Wand              |       |       |       |     5 ||     5
  Use: Scroll            |     2 |     8 |    10 |     6 ||    26
       Potion            |     2 |       |     3 |    14 ||    19
Armor: Robe              |    24 |    25 |   139 |   241 ||   429
       Skin              |     9 |       |       |       ||     9
Dodge: Dodged            |    24 |    33 |   192 |   352 ||   601
